 Dungeon Crawl Stone Soup version 0.19.0-20-gbc5f0c6 (webtiles) character file.

92939 Rrauwl the Bludgeoner (level 16, 0/107 HPs)
             Began as a Gargoyle Fighter on Nov 15, 2016.
             Was the Champion of Nemelex Xobeh.
             Splashed by Nikola the acid blob's acid (7 damage)
             ... while paralysed by a floating eye
             ... on level 3 of the Shoals on Nov 16, 2016.
             The game lasted 05:34:50 (23969 turns).

Rrauwl the Bludgeoner (Gargoyle Fighter)           Turns: 23969, Time: 05:34:52

Health: 0/107      AC: 25    Str: 23    XL:     16   Next: 7%
Magic:  16/16      EV:  2    Int: 12    God:    Nemelex Xobeh [******]
Gold:   1528       SH:  0    Dex: 10    Spells: 0 memorised, 15 levels left

rFire  + + .     SeeInvis .     G - +3 flail (crush)
rCold  + . .     Gourm    .     p - +2 chain mail {rF+}
rNeg   + . .     Faith    .     r - +1 shield "Arom" {rElec rC+}
rPois  ∞         Spirit   .     (helmet restricted)
rElec  +         Reflect  +     z - +2 cloak {+Inv}
rCorr  .         Harm     .     v - +0 pair of gloves
MR     ++...                    y - +0 pair of boots
Stlth  ..........               u - +4 amulet of reflection
                                J - ring of protection from fire
                                k - ring of protection from magic

@: paralysed, corroded
A: antennae 1, big wings, large bone plates 1, negative energy resistance 1,
screaming 1, electricity resistance, unbreathing, petrification resistance, rot
immunity, AC +11
a: Fly, Triple Draw, Deal Four, Stack Five, Renounce Religion, Evoke
Invisibility


You were on level 3 of the Shoals.
You worshipped Nemelex Xobeh.
Nemelex Xobeh was exalted by your worship.
You were not hungry.

You visited 4 branches of the dungeon, and saw 24 of its levels.
You visited 1 bazaar.
You also visited: Ossuary.

You collected 2006 gold pieces.
You spent 478 gold pieces at shops.

Inventory:

Hand Weapons
 h - a +4 vampiric demon trident
 G - a +3 flail of crushing (weapon)
 L - a +2 fustibalus of flaming
Missiles
 j - 7 tomahawks of returning (quivered)
Armour
 p - a +2 chain mail of fire resistance (worn)
 r - the +1 shield "Arom" (worn) {rElec rC+}
   (You found it on level 6 of the Lair of Beasts)

   It protects you from cold.
   It insulates you from electricity.
 v - a +0 pair of gloves (worn)
 x - the +1 ring mail "Ilotsa" {MR+}
   (You bought it in a shop in a bazaar)

   It affects your resistance to hostile enchantments.
 y - a +0 pair of boots (worn)
 z - a +2 cloak of invisibility (worn)
Jewellery
 k - a ring of protection from magic (left hand)
 q - an uncursed ring of flight
 t - a +2 ring of evasion
 u - a +4 amulet of reflection (around neck)
 J - a ring of protection from fire (right hand)
Wands
 a - a wand of enslavement (8/24)
 g - a wand of iceblast (5/15)
 m - a wand of teleportation (7/9)
 H - a wand of flame (20/48)
 I - a wand of enslavement (12/24)
 O - a wand of acid (11/15)
 P - a wand of acid (4/15)
 T - a wand of digging (5/24)
 W - a wand of polymorph (14/24)
 Y - a wand of heal wounds (0/9)
 Z - a wand of disintegration (17/24)
Scrolls
 l - a scroll of magic mapping
 s - 11 scrolls of teleportation
 D - 12 scrolls of remove curse
 N - a scroll of holy word
 S - 4 scrolls of enchant armour
Potions
 b - a potion of brilliance
 e - 8 potions of curing
 w - a potion of heal wounds
 B - 3 potions of ambrosia
 C - a potion of agility
 K - 3 potions of might
Books
 n - Ypuitekk's Reference Book on Ashen Ice
   (You found it on level 1 of the Shoals)

   Spells                             Type                      Level
   a - Passwall                       Transmutation/Earth          2
   b - Ozocubu's Armour               Charms/Ice                   3
   c - Leda's Liquefaction            Hexes/Earth                  4
   d - Bolt of Magma                  Conjuration/Fire/Earth       5
   e - Iron Shot                      Conjuration/Earth            6
Miscellaneous
 c - a legendary deck of escape
 d - an ornate deck of destruction {drawn: 7}
 i - an ornate deck of destruction
 E - an ornate deck of escape
 F - a phial of floods
 M - a legendary deck of destruction {drawn: 3}
 R - a legendary deck of summoning {drawn: 6}
Comestibles
 f - 12 bread rations
 o - 12 chunks of flesh


   Skills:
 + Level 14.8 Fighting
 + Level 15.2 Maces & Flails
 + Level 14.7 Armour
 + Level 14.9 Shields


You had 15 spell levels left.
You didn't know any spells.

Dungeon Overview and Level Annotations

Branches:
Dungeon (14/15)            Temple (0/1) D:7            Lair (6/6) D:9
 Shoals (3/4) Lair:3        Snake (0/4) Lair:2        Slime (0/5) Lair:5
    Orc (1/2) D:11         Vaults (0/5) D:14

Altars:
Ashenzari
Cheibriados
Dithmenos
Elyvilon
Gozag
Kikubaaqudgha
Nemelex Xobeh
Sif Muna
Xom
Yredelemnul
The Shining One

Shops:
Shoals:2 [

Annotations:
Shoals:3 Nikola


Innate Abilities, Weirdness & Mutations

You are resistant to torment.
Your stone body is resilient. (AC +11)
You are immune to poison.
Your large and strong wings let you fly indefinitely.
You resist negative energy. (rN+)
You are resistant to electric shocks. (rElec)
You can survive without breathing.
You are immune to petrification.
You are immune to rotting.
You have a pair of small antennae on your head.
You are partially covered in large bone plates. (SH +4)
You occasionally shout uncontrollably at your foes.


Message History

The splash of acid hits you! The acid corrodes you!
You are splashed with acid!
The acid burns!
* * * LOW HITPOINT WARNING * * *
Zapping:
a - a wand of enslavement (9/24)
Press: ? - help, Shift-Dir - straight line, f/p - Nikola
Aim: Nikola the acid blob (lightly wounded, misshapen and mutated, chance to defeat MR: 0%) Nikola resists with almost no effort.
This wand has 8 charges left.
You block the slime creature's attack.
The floating eye gazes piercingly through you!
You suddenly lose the ability to move!
Nikola jiggles.
Nikola hits you but does no damage.
The sphinx mumbles some strange words.
Something smites you!
* * * LOW HITPOINT WARNING * * *
The slime creature barely misses you. Nikola hits you.
* * * LOW HITPOINT WARNING * * *
The acid corrodes you!
You are splashed with acid!
The acid burns!
You die...
Your body glows with a rainbow of weird colours and disappears.

≈≈≈≈≈..≈≈≈≈ ≈≈≈≈≈.....
.≈≈≈≈...§§ ≈≈.≈≈
....≈≈≈§≈ ≈≈..≈≈≈
#..≈≈.§. ....≈≈≈
##.≈...# ....≈≈≈
##..≈...###.≈*...≈
...≈≈≈§@JH.......
....≈≈.GJ)....#
....§≈≈t..≈≈..# .
..#.§≈≈....≈..###.≈
≈.≈≈≈≈ .
#.§≈≈....≈.......
≈≈≈≈≈
...§≈≈≈...≈≈≈....≈
≈≈≈≈ ≈..
...≈§§≈≈≈.≈≈≈≈....≈
≈≈≈≈...
....≈≈.§§§*.≈≈......
≈≈≈≈..#
#.[...##............≈≈


You could see Nikola the acid blob, a sphinx, a slime creature, a fire crab and
a floating eye.

Vanquished Creatures
  Nessos (D:13)
  A merfolk impaler (Shoals:3)
  An ogre mage (D:14)
  2 hydras
  A merfolk avatar (Shoals:2)
  Erica (D:10)
  An alligator snapping turtle (Shoals:1)
  A catoblepas (D:13)
  2 centaur warriors
  2 tengu warriors (D:13)
  An unseen horror (D:14)
  5 sea snakes
  9 hill giants
  Pikel (D:9)
  An orc knight (D:14)
  3 centaur zombies
  4 cyclopes
  2 slime creatures (D:14)
  10 fauns
  4 sirens
  6 manticores
  4 black mambas
  13 elephants
  3 gargoyles
  2 water nymphs
  4 molten gargoyles (D:11)
  7 komodo dragons
  A kobold demonologist (D:13)
  12 spiny frogs
  2 yaktaurs (D:14)
  2 rime drakes
  A freezing wraith (D:14)
  2 trolls
  8 merfolk
  5 two-headed ogres
  A hornet (D:13)
  2 meliai
  2 wind drakes
  Grinder (D:3)
  8 dream sheep
  17 blink frogs
  A raiju (Lair:5)
  2 hippogriffs
  5 water elementals
  2 shadows
  A wraith (D:11)
  Sigmund (D:3)
  3 wyverns
  2 spriggans (Lair:5)
  3 basilisks
  4 hungry ghosts
  34 yaks
  Edmund (D:6)
  A steam dragon (D:8)
  2 mottled dragons
  A soldier ant (D:14)
  15 water moccasins
  A water moccasin (shapeshifter) (D:14)
  4 hell hounds
  6 porcupines
  13 orc warriors
  A slave (D:9)
  4 ice beasts
  4 sky beasts
  3 black bears
  3 phantoms
  3 necrophages
  5 ogres
  A wolf (Lair:5)
  14 crocodiles
  19 centaurs
  5 big kobolds
  2 elf zombies (Ossuary)
  15 bullfrogs
  A gnoll sergeant (D:10)
  A wyvern zombie (D:6)
  A wyvern skeleton (D:13)
  A troll zombie (D:11)
  A water moccasin skeleton (D:6)
  4 scorpions
  An electric eel (Lair:3)
  8 wights
  2 howler monkeys (D:12)
  2 bullfrog zombies
  9 crimson imps
  14 jellies
  A quasit (D:6)
  3 lava snakes (Lair:6)
  11 orc priests
  21 orc wizards
  A centaur skeleton (D:11)
  6 hounds
  2 bullfrog skeletons
  A gnoll shaman (D:8)
  Jessica (D:3)
  4 iguanas
  3 worker ants
  5 ogre zombies (D:11)
  A big kobold zombie (Ossuary)
  A hound zombie (D:9)
  3 mummies
  A worker ant zombie (D:6)
  8 gnolls
  19 adders
  2 howler monkey skeletons
  4 shadow imps
  An ooze (Lair:5)
  An adder skeleton (D:4)
  An adder zombie (Ossuary)
  3 worms
  4 dart slugs
  4 leopard geckos
  42 orcs
  3 giant cockroaches
  2 hobgoblins
  12 jackals
  4 quokkas
  2 ball pythons (Lair:2)
  5 bats
  3 frilled lizards
  A gnoll zombie (Ossuary)
  4 goblins
  2 goblin skeletons (D:11)
  5 goblin zombies
  3 hobgoblin skeletons (D:11)
  3 hobgoblin zombies
  A jackal zombie (Ossuary)
  15 kobolds
  2 kobold zombies
  3 orc skeletons (D:11)
  8 orc zombies
  10 rats
  A bush (Lair:6)
  5 fungi
  2 plants
632 creatures vanquished.

Vanquished Creatures (collateral kills)
  Polyphemus (Shoals:3)
  Frances (D:12)
  A merfolk impaler (Shoals:1)
  3 hydras
  A merfolk aquamancer (Shoals:3)
  A catoblepas (Shoals:3)
  An alligator snapping turtle (Shoals:3)
  2 death yaks (Shoals:3)
  Urug (Lair:5)
  A lindwurm (Lair:6)
  An oklob plant (Lair:6)
  A faun (Shoals:3)
  An elephant (Lair:4)
  A cyclops (Shoals:3)
  2 manticores (Shoals:3)
  A siren (Shoals:1)
  3 molten gargoyles (Lair:6)
  9 black mambas
  A spiny frog (Lair:5)
  A centaur skeleton (D:13)
  2 rime drakes (Lair:2)
  5 komodo dragons
  2 merfolk (Shoals:3)
  2 meliai (D:13)
  A snapping turtle (Shoals:1)
  6 dream sheep
  7 blink frogs
  A water elemental (Shoals:1)
  8 yaks
  3 basilisks
  A steam dragon (Lair:6)
  2 hell hounds (Lair:6)
  7 water moccasins
  2 black bears
  An ogre (D:6)
  A crocodile (Lair:3)
  A bullfrog (Lair:3)
  2 lava snakes (Lair:6)
  2 bullfrog skeletons (D:5)
  An orc priest (D:13)
  3 jellies (Lair:5)
  3 worker ants
  2 ogre zombies (D:11)
  A hound zombie (Ossuary)
  2 mummies (Ossuary)
  3 adders (Lair:2)
  2 orcs (D:13)
  A gnoll zombie (Ossuary)
  A quokka (D:5)
  A goblin skeleton (D:11)
  3 goblin zombies (D:11)
  An orc zombie (D:11)
  2 plants (Shoals:1)
116 creatures vanquished.

Vanquished Creatures (others)
  A fire dragon (Lair:6)
  4 centaur warriors
  A satyr (Shoals:2)
  A cyclops (Shoals:3)
  A faun (Shoals:1)
  Joseph (D:10)
  A yaktaur (D:14)
  A spriggan (Lair:5)
  A yak (Lair:1)
  A basilisk (Lair:6)
  9 centaurs
  A ball lightning (Lair:1)
  An orc (D:9)
  A kobold (D:11)
  5 fungi
  23 plants
53 creatures vanquished.

Grand Total: 801 creatures vanquished

Notes
Turn   | Place    | Note
-------+----------+-------------------------------------------
     0 | D:1      | Rrauwl the Gargoyle Fighter began the quest for the Orb.
     0 | D:1      | Reached XP level 1. HP: 14/14 MP: 1/1
   238 | D:1      | Reached XP level 2. HP: 19/19 MP: 2/2
   496 | D:1      | Reached skill level 3 in Maces & Flails
   628 | D:1      | Reached XP level 3. HP: 23/23 MP: 3/3
   801 | D:2      | Found a deep blue altar of Sif Muna.
   989 | D:2      | Reached skill level 4 in Maces & Flails
  1167 | D:2      | Reached XP level 4. HP: 25/28 MP: 4/4
  1549 | D:3      | Reached skill level 5 in Maces & Flails
  1549 | D:3      | Reached XP level 5. HP: 15/32 MP: 5/5
  1800 | D:3      | Noticed Jessica
  1818 | D:3      | Killed Jessica
  1839 | D:3      | Noticed Grinder
  1857 | D:3      | Killed Grinder
  1857 | D:3      | Reached skill level 7 in Maces & Flails
  1857 | D:3      | Reached XP level 6. HP: 25/37 MP: 6/6
  1902 | D:3      | Found a shattered altar of Ashenzari.
  2028 | D:3      | Gained mutation: You have a pair of small antennae on your head. [potion of mutation]
  2028 | D:3      | Gained mutation: You are partially covered in large bone plates. (SH +4) [potion of mutation]
  2028 | D:3      | Gained mutation: You occasionally shout uncontrollably at your foes. [potion of mutation]
  2046 | D:3      | Noticed Sigmund
  2063 | D:3      | Killed Sigmund
  2063 | D:3      | Reached XP level 7. HP: 20/41 MP: 7/7
  2513 | D:4      | Reached skill level 8 in Maces & Flails
  3400 | D:4      | Found a sparkling altar of Nemelex Xobeh.
  3410 | D:4      | Became a worshipper of Nemelex Xobeh the Trickster
  3716 | D:4      | Reached XP level 8. HP: 48/48 MP: 8/8
  3767 | D:5      | Entered Level 5 of the Dungeon
  3874 | D:5      | Received a gift from Nemelex Xobeh
  4022 | D:5      | Reached skill level 5 in Fighting
  4332 | D:5      | Reached skill level 9 in Maces & Flails
  4332 | D:5      | Reached skill level 5 in Armour
  4375 | D:5      | Reached skill level 5 in Shields
  4513 | D:5      | Reached XP level 9. HP: 51/54 MP: 9/9
  4693 | D:6      | Reached * piety under Nemelex Xobeh
  5199 | D:6      | Noticed Edmund
  5207 | D:6      | Killed Edmund
  5220 | D:6      | Found a shimmering altar of Xom.
  5829 | D:7      | Received a gift from Nemelex Xobeh
  5952 | D:7      | Found a staircase to the Ecumenical Temple.
  5963 | D:7      | Found a basalt altar of Yredelemnul.
  6061 | D:7      | Found a snail-covered altar of Cheibriados.
  6064 | D:7      | Reached ** piety under Nemelex Xobeh
  6108 | D:7      | Found a sand-covered staircase.
  6120 | Ossuary  | Entered an ossuary
  6147 | Ossuary  | Received a gift from Nemelex Xobeh
  6431 | D:7      | Reached XP level 10. HP: 39/63 MP: 10/10
  6826 | D:7      | Reached skill level 10 in Maces & Flails
  7159 | D:8      | Reached *** piety under Nemelex Xobeh
  7217 | D:8      | Received a gift from Nemelex Xobeh
  7396 | D:8      | Found an ancient bone altar of Kikubaaqudgha.
  8126 | D:8      | Received a gift from Nemelex Xobeh
  8703 | D:9      | Found a white marble altar of Elyvilon.
  9050 | D:9      | Reached **** piety under Nemelex Xobeh
  9052 | D:9      | Found a staircase to the Lair.
  9223 | Lair:1   | Entered Level 1 of the Lair of Beasts
  9311 | Lair:1   | Noticed a spiny frog
  9318 | Lair:1   | Killed a spiny frog
  9334 | Lair:1   | Received a gift from Nemelex Xobeh
  9517 | Lair:1   | Reached XP level 11. HP: 24/69 MP: 11/11
  9718 | Lair:1   | Received a gift from Nemelex Xobeh
 10148 | Lair:2   | Reached ***** piety under Nemelex Xobeh
 10206 | Lair:2   | Reached skill level 11 in Maces & Flails
 10236 | Lair:2   | Noticed Sonja
 10261 | Lair:2   | Noticed Sonja
 10261 | Lair:2   | Sonja changed into Sonja the black bear
 10262 | Lair:2   | Killed Sonja the black bear
 10625 | Lair:2   | Found a staircase to the Snake Pit.
 10906 | Lair:3   | Received a gift from Nemelex Xobeh
 11165 | Lair:3   | Reached skill level 10 in Shields
 11191 | Lair:3   | Reached skill level 10 in Fighting
 11205 | Lair:3   | Found a staircase to the Shoals.
 11354 | Lair:3   | Received a gift from Nemelex Xobeh
 11417 | Lair:3   | Reached XP level 12. HP: 58/77 MP: 12/12
 11490 | Lair:3   | Reached skill level 10 in Armour
 11679 | Lair:2   | Got an ivory rapier
 11740 | Lair:1   | Identified the +2 rapier "Tagrex" {pierce, *Noise Dex+4} (You found it on level 2 of the Lair of Beasts)
 11886 | Lair:4   | Received a gift from Nemelex Xobeh
 11946 | Lair:4   | Reached skill level 12 in Maces & Flails
 12750 | Lair:5   | Received a gift from Nemelex Xobeh
 12854 | Lair:5   | Noticed an eight-headed hydra
 12872 | Lair:5   | Killed an eight-headed hydra
 13128 | Lair:5   | Reached XP level 13. HP: 58/84 MP: 13/13
 13235 | Lair:5   | Noticed Urug
 13254 | Lair:5   | Killed Urug
 13283 | Lair:5   | Found a staircase to the Slime Pits.
 13633 | Lair:6   | Entered Level 6 of the Lair of Beasts
 13642 | Lair:6   | Received a gift from Nemelex Xobeh
 13671 | Lair:6   | Reached ****** piety under Nemelex Xobeh
 13991 | Lair:6   | Reached skill level 13 in Maces & Flails
 14259 | Lair:6   | Received a gift from Nemelex Xobeh
 14330 | Lair:6   | Noticed a fire dragon
 14403 | Lair:6   | HP: 4/86 [molten gargoyle/bolt of magma (25)]
 14466 | Lair:6   | Found a large runed door.
 14467 | Lair:6   | Found a large runed door.
 14505 | Lair:6   | Killed a fire dragon
 14534 | Lair:6   | Got a shimmering shield
 14605 | Lair:6   | Identified the +1 shield "Arom" {rElec rC+} (You found it on level 6 of the Lair of Beasts)
 15618 | D:10     | Entered Level 10 of the Dungeon
 15701 | D:10     | You fall through a shaft!
 15970 | D:10     | Noticed Joseph
 15980 | D:10     | Killed Joseph
 16169 | D:10     | Received a gift from Nemelex Xobeh
 16210 | D:10     | Identified a +0 rod of shadows (13/13) (You found it on level 10 of the Dungeon)
 16233 | D:10     | Found a glowing golden altar of the Shining One.
 16259 | D:10     | Noticed Erica
 16282 | D:10     | Killed Erica
 16282 | D:10     | Gained mutation: Your large and strong wings let you fly indefinitely. [Gargoyle growth]
 16282 | D:10     | Reached XP level 14. HP: 92/92 MP: 14/14
 16873 | D:11     | Received a gift from Nemelex Xobeh
 16900 | D:11     | Found a staircase to the Orcish Mines.
 17825 | Orc:1    | Entered Level 1 of the Orcish Mines
 17825 | Orc:1    | Received a gift from Nemelex Xobeh
 17825 | Orc:1    | Noticed an orc warlord
 17999 | D:12     | Received a gift from Nemelex Xobeh
 18024 | D:12     | Noticed Frances
 18041 | D:12     | Killed Frances
 18383 | D:12     | Received a gift from Nemelex Xobeh
 18804 | D:13     | Reached skill level 14 in Maces & Flails
 19416 | D:13     | Received a gift from Nemelex Xobeh
 19638 | D:13     | Noticed Nessos
 19649 | D:13     | Killed Nessos
 20059 | D:14     | Received a gift from Nemelex Xobeh
 20171 | D:14     | Found a gate to the Vaults.
 20188 | D:14     | Reached XP level 15. HP: 81/99 MP: 15/15
 20568 | D:14     | Found an opulent altar of Gozag.
 20576 | D:14     | Got a smoking flail
 20577 | D:14     | Identified the cursed +1 flail "Ecze" {crush, rC+ MP+9} (You found it on level 14 of the Dungeon)
 20863 | D:14     | Received a gift from Nemelex Xobeh
 21216 | D:9      | Found a shadowy altar of Dithmenos.
 21218 | D:9      | Noticed Pikel
 21235 | D:9      | Killed Pikel
 21588 | Lair:1   | Upgraded the game from 0.19.0-19-g8c6edcc to 0.19.0-20-gbc5f0c6
 22645 | Shoals:1 | Entered Level 1 of the Shoals
 22977 | Shoals:1 | Identified Ypuitekk's Reference Book on Ashen Ice
 23236 | Shoals:2 | Found Hehupeo's Antique Armour Shop.
 23332 | Shoals:2 | Received a gift from Nemelex Xobeh
 23370 | Shoals:2 | Found a flickering gateway to a bazaar.
 23385 | Shoals:2 | Reached skill level 15 in Maces & Flails
 23417 | Bazaar   | Entered a bazaar
 23417 | Bazaar   | Found Xiron's Antique Weapon Shop.
 23417 | Bazaar   | Found Quufaikia's Distillery.
 23451 | Bazaar   | Bought a potion of heal wounds for 50 gold pieces
 23451 | Bazaar   | Bought a potion of ambrosia for 80 gold pieces
 23456 | Bazaar   | Found Quheaff's Antique Armour Shop.
 23464 | Bazaar   | Bought a heavily runed chain mail for 114 gold pieces
 23464 | Bazaar   | Bought a glowing cloak for 126 gold pieces
 23474 | Bazaar   | Identified the cursed +0 chain mail of Nobility {rCorr} (You bought it in a shop in a bazaar)
 23495 | Bazaar   | Bought a jewelled ring mail for 108 gold pieces
 23505 | Bazaar   | Identified the +1 ring mail "Ilotsa" {MR+} (You bought it in a shop in a bazaar)
 23746 | Shoals:3 | Noticed Polyphemus
 23758 | Shoals:3 | Killed Polyphemus
 23782 | Shoals:3 | Reached XP level 16. HP: 57/107 MP: 16/16
 23925 | Shoals:3 | Noticed Nikola
 23966 | Shoals:3 | Noticed a sphinx
 23966 | Shoals:3 | an alligator snapping turtle changed into a sphinx
 23966 | Shoals:3 | Noticed Nikola
 23966 | Shoals:3 | Nikola changed into Nikola the acid blob
 23968 | Shoals:3 | Paralysed by a floating eye for 2 turns
 23969 | Shoals:3 | Splashed by Nikola the acid blob's acid

Skill      XL: |  1  2  3  4  5  6  7  8  9 10 11 12 13 14 15 |
---------------+----------------------------------------------+-----
Maces & Flails | 3 4 5 7 8 9 10 11 12 13 14 15 | 15.2
Fighting       | 5 7 8 10 11 12 13 14 | 14.8
Armour         | 5 7 8 9 11 12 13 14 | 14.7
Shields        | 5 7 8 10 11 12 13 14 | 14.9

Action                   |  1- 3 |  4- 6 |  7- 9 | 10-12 | 13-15 | 16-18 || total
-------------------------+-------+-------+-------+-------+-------+-------++-------
Melee: Flail             |   151 |    90 |   630 |   827 |  1898 |    38 ||  3634
Evoke: Deck              |       |       |     4 |    52 |    52 |     3 ||   111
       Wand              |       |       |     2 |     5 |    19 |     1 ||    27
       Phial of floods   |       |       |       |       |     1 |       ||     1
  Use: Potion            |     5 |     4 |     7 |       |     9 |     1 ||    26
       Scroll            |     6 |     1 |     9 |     8 |    22 |     1 ||    47
 Stab: Petrified         |       |       |     3 |       |    36 |       ||    39
       Distracted        |       |       |       |     5 |     2 |       ||     7
       Petrifying        |       |       |       |       |     2 |       ||     2
       Paralysed         |       |       |       |       |     1 |       ||     1
  Eat: Chunk             |     1 |     3 |    15 |    12 |    19 |     1 ||    51
       Royal jelly       |       |       |     1 |       |       |       ||     1
       Beef jerky        |       |       |       |     1 |     2 |       ||     3
       Meat ration       |       |       |       |     1 |       |       ||     1
       Bread ration      |       |       |       |     1 |     3 |       ||     4
       Pizza             |       |       |       |       |     2 |       ||     2
Armor: Scale mail        |   114 |    38 |       |       |       |       ||   152
       Plate armour      |       |       |   207 |   246 |   120 |       ||   573
       Ring mail         |       |       |    13 |     3 |       |       ||    16
       Chain mail        |       |       |       |       |   360 |    18 ||   378
Dodge: Dodged            |    71 |    21 |    65 |    72 |   183 |     4 ||   416
Block: Shield            |   116 |    36 |   453 |   624 |  1432 |    39 ||  2700
       Reflection        |       |       |     2 |     8 |   155 |     4 ||   169
